 Dungeon Crawl Stone Soup version 0.21-a0-258-g4c0eb85 (webtiles) character file.

112 namelastname112 the Insei (level 4, -5/28 HPs)
             Began as a Tengu Monk on Sept 6, 2017.
             Slain by Grinder (6 damage)
             ... while paralysed by Grinder
             ... on level 3 of the Dungeon.
             The game lasted 00:02:58 (2184 turns).

namelastname112 the Insei (Tengu Monk)              Turns: 2184, Time: 00:02:59

Health: -5/28      AC:  2    Str: 11    XL:     4   Next: 95%
Magic:  5/5        EV:  2    Int: 10    God:
Gold:   131        SH:  0    Dex: 23    Spells: 3/3 levels left

rFire    . . .     SeeInvis .     - Unarmed
rCold    . . .     Gourm    .   (no shield)
rNeg     . . .     Faith    .   a - +0 robe
rPois    .         Spirit   .   (helmet restricted)
rElec    .         Reflect  .   (no cloak)
rCorr    .         Harm     .   (no gloves)
MR       .....                  (boots unavailable)
Stlth    +++.......             (no amulet)
HPRegen  0.09/turn              (no ring)
MPRegen  0.09/turn              (no ring)

@: paralysed, agile
A: beak, talons 3
a: no special abilities


You were on level 3 of the Dungeon.
You were very hungry.

You visited 1 branch of the dungeon, and saw 3 of its levels.

You collected 131 gold pieces.

Inventory:

Missiles
 c - 2 throwing nets (quivered)
Armour
 a - a +0 robe (worn)
Scrolls
 d - a scroll of remove curse {unknown}
 e - 2 scrolls of fear {unknown}
 f - a scroll of enchant armour {unknown}
 h - a scroll of noise {unknown}
 j - a scroll of immolation {unknown}
 l - a scroll of magic mapping {unknown}
 m - a scroll of fog {unknown}
Comestibles
 b - 2 bread rations
 k - 4 fruits
 n - a royal jelly


   Skills:
 + Level 3.3 Fighting
 + Level 3.5 Dodging
 - Level 2.0 Stealth
 + Level 5.5 Unarmed Combat


You had 3 spell levels left.
You didn't know any spells.

Dungeon Overview and Level Annotations

Branches:
Dungeon (3/15)

Altars:

Annotations:
D:3 George's ghost, amateur MiBe; Grinder


Innate Abilities, Weirdness & Mutations

You have a beak for a mouth.
You have claws for feet.


Message History

Grinder is lightly wounded.
Grinder gestures at you. Pain shoots through your body!
You take 3 damage, and have 25/28 hp.
You punch Grinder! You claw Grinder, but do no damage.
Grinder is moderately wounded.
Grinder misses you.
You hit Grinder. Your kick misses Grinder. Your peck misses Grinder.
Grinder is heavily wounded.
Grinder gestures at you. You resist with significant effort.
You hit Grinder. Your kick misses Grinder. You peck Grinder, but do no damage.
Grinder is heavily wounded.
Grinder gestures at you.
You suddenly lose the ability to move!
Grinder hits you!
You writhe in agony.
Grinder hits you!
* * * LOW HITPOINT WARNING * * *
You writhe in agony.
You die...

#####..........### #... .#
##..........# ####. #
##..##...#.#.. ..
#...##.###....## #
##.#.#..######..#### .
#..#.#.......##....#####...
#.##......................r
#.#..........##.5..........
##.#.#.......###@###........
.....#.........†.# #........
....##........#### #........
....###......## #........
....###.....## ########.
######.......# #.......#
#.......# ##.....##


You could see Grinder.

Vanquished Creatures
  Robin (D:2)
  3 gnolls (D:2)
  2 worms (D:2)
  2 leopard geckos
  An orc (D:2)
  5 bats
  3 giant cockroaches
  13 goblins
  10 hobgoblins
  3 ball pythons
  2 frilled lizards
  10 kobolds
  8 rats
63 creatures vanquished.

Notes
Turn   | Place    | Note
-------+----------+-------------------------------------------
     0 | D:1      | namelastname112 the Tengu Monk began the quest for the Orb.
     0 | D:1      | Reached XP level 1. HP: 14/14 MP: 2/2
   119 | D:1      | Reached XP level 2. HP: 14/19 MP: 3/3
   230 | D:1      | Reached skill level 4 in Unarmed Combat
   784 | D:1      | Reached XP level 3. HP: 22/23 MP: 4/4
   942 | D:2      | Reached skill level 5 in Unarmed Combat
   954 | D:2      | Reached XP level 4. HP: 12/28 MP: 5/5
  1219 | D:2      | Noticed Robin
  1529 | D:2      | Killed Robin
  2107 | D:3      | Noticed George's ghost (amateur MiBe)
  2163 | D:3      | Noticed Grinder
  2182 | D:3      | Paralysed by Grinder for 6 turns
  2184 | D:3      | HP: 1/28 [Grinder (10)]
  2184 | D:3      | Slain by Grinder

Vault maps used:
D:1:      lightli_arrival_lavapool, corexii_item_surrounded_by_moat,
          lemuel_old_faithful
D:2:      kennysheep_big_empty_room, uniq_robin
D:3:      kennysheep_potato, uniq_grinder

Skill      XL: |  1  2  3 |
---------------+----------+-----
Unarmed Combat | 4 5 |  5.5
Fighting       | |  3.3
Dodging        | |  3.5
Stealth        | |  2.0

Action                   |  1- 3 |  4- 6 || total
-------------------------+-------+-------++-------
Melee: Unarmed           |    76 |    74 ||   150
       Kick              |    14 |    26 ||    40
       Peck              |    13 |    12 ||    25
       Punch             |       |     2 ||     2
  Use: Potion            |       |     2 ||     2
 Stab: Sleeping          |     5 |     3 ||     8
  Eat: Chunk             |       |     3 ||     3
Armor: Robe              |     7 |    10 ||    17
Dodge: Dodged            |    59 |    56 ||   115

Table legend:
 A = Spawn XP
 B = Non-spawn XP
 C = Spawn XP percentage of total XP
 D = Spawn monster count
 E = Non-spawn monster count
 F = Spawn count percentage of total count
 G = Total turns spent on level
                    A         B        C        D         E        F      G
               +---------+---------+-------+---------+---------+-------+---------
         Total |       0 |     161 |   0.0 |       0 |      63 |   0.0 |  2184
               +---------+---------+-------+---------+---------+-------+---------
           D:1 |       0 |      34 |   0.0 |       0 |      22 |   0.0 |   875
           D:2 |       0 |     116 |   0.0 |       0 |      34 |   0.0 |   999
           D:3 |       0 |      11 |   0.0 |       0 |       7 |   0.0 |   310
               +---------+---------+-------+---------+---------+-------+---------
